 Dungeon Crawl Stone Soup version 0.14-a0-2374-ge879b5e (webtiles) character file.

51 QueenB the Stinger (level 3, -3/21 HPs)
             Began as a Formicid Venom Mage on Feb 1, 2014.
             Slain by an ooze (5 damage)
             ... on Level 1 of the Dungeon.
             The game lasted 00:04:18 (918 turns).

QueenB the Stinger (Formicid Venom Mage)             Turns: 918, Time: 00:04:18

HP  -3/21        AC  3     Str 12      XL: 3   Next: 47%
MP   1/6         EV 12     Int 15      God:
Gold 23          SH  0     Dex 11      Spells:  3 memorised,  0 levels left

rFire  . . .     SeeInvis +     (no weapon)
rCold  . . .     Clarity  .     a - +0 robe
rNeg   . . .     Conserve .     (no shield)
rPois  x         rCorr    .     (helmet unavailable)
rElec  .         rRot     .     (no cloak)
SustAb . .       Spirit   .     (no gloves)
rMut   .         Warding  .     (no boots)
Saprov . . .     Stasis   +     (no amulet)
MR     .....                    (no ring)
                                (no ring)

@: not resistant to hostile enchantments, fairly stealthy
A: permanent stasis, dig shafts and tunnels, four strong arms, poison weakness,
antennae 3, exoskeleton 1
a: Dig, Shaft Self


You were on level 1 of the Dungeon.
You were hungry.

You visited 1 branch of the dungeon, and saw 1 of its levels.

You collected 23 gold pieces.

Inventory:

Missiles
 d - 13 darts of frost (quivered)
Armour
 a - a +0 robe (worn)
Comestibles
 c - a bread ration
Scrolls
 e - a scroll of identify {unknown}
Potions
 f - a potion of degeneration {unknown}
 g - a potion of heal wounds {unknown}
Books
 b - a Young Poisoner's Handbook

   Spells                             Type                      Level
   *Sting                             Conjuration/Poison           1
   *Cure Poison                       Poison                       2
   *Mephitic Cloud                    Conjuration/Poison/Air       3
   Olgreb's Toxic Radiance            Poison                       4
   Venom Bolt                         Conjuration/Poison           5


   Skills:
 - Level 1.7 Dodging
 - Level 2.4 Stealth
 + Level 2.3 Spellcasting
 + Level 6.5 Poison Magic


You couldn't memorise any spells.
You knew the following spells:

 Your Spells              Type           Power        Failure   Level  Hunger
a - Sting                 Conj/Pois      ##..         8%          1    #......
b - Cure Poison           Pois           ###.......   1%          2    ###....
c - Mephitic Cloud        Conj/Pois/Air  #.......     30%         3    ####...


Dungeon Overview and Level Annotations

Branches:
Dungeon (1/16)

Altars:


Innate Abilities, Weirdness & Mutations

Your are under a permanent stasis effect.
You can dig through walls and to a lower floor.
Your four strong arms can wield any weapon, most with a shield.
You are susceptible to poison.
You have a pair of large antennae on your head (SInv).
Your body is surrounded by an exoskeleton. (AC +1)


Message History

The ooze is heavily wounded.
The ooze hits you.
* * * LOW HITPOINT WARNING * * *
You hit the ooze.
The ooze is severely wounded.
The ooze hits you.
* * * LOW HITPOINT WARNING * * *
You hit the ooze but do no damage.
The ooze is severely wounded.
You hit the ooze.
The ooze is severely wounded.
The ooze misses you.
You hit the ooze but do no damage.
The ooze is severely wounded.
The ooze hits you.
* * * LOW HITPOINT WARNING * * *
You hit the ooze but do no damage.
The ooze is severely wounded.
The ooze hits you.
You die...

.....##.# #.♣..f...ff♣.# ...##
#.# #.♣..ff...f♣.# )...###.#
...♣ff..f...♣.# ........#
##.♣ff..ff..♣.### ....#####
#.♣♣♣♣♣♣♣♣♣....# ...## #
#............#.# ##.#
#.##.#........###.# ##.##
#..J...#..........### #...# #@#
#....#........ #...# #.#
...........#. #...############.#
.....####.#. #................#
######.##..... #...#########..###
#......##.....
....#.#.#.#.#....###......##.....
....#.#.#.#.#..#..........#......
.................###.............
#...#.#.#.#.#...## #......##.....


You could see an ooze.

Vanquished Creatures
  An adder (D:1)
  2 giant geckos (D:1)
  A bat (D:1)
  5 hobgoblins (D:1)
  2 goblins (D:1)
  4 kobolds (D:1)
  A rat (D:1)
16 creatures vanquished.

Notes
Turn   | Place    | Note
--------------------------------------------------------------
     0 | D:1      | QueenB, the Formicid Venom Mage, began the quest for the Orb.
     0 | D:1      | Reached XP level 1. HP: 11/11 MP: 3/3
   140 | D:1      | Reached XP level 2. HP: 13/17 MP: 0/4
   146 | D:1      | Learned a level 2 spell: Cure Poison
   305 | D:1      | Reached skill level 6 in Poison Magic
   385 | D:1      | Reached XP level 3. HP: 21/21 MP: 4/6
   409 | D:1      | Learned a level 3 spell: Mephitic Cloud
   918 | D:1      | Slain by an ooze

Action                   || total
-------------------------++-------
Melee: Unarmed           ||    20
Throw: Dart              ||    14
 Cast: Sting             ||    46
